 Seeded DCSS version 0.30.0-19-g36f170ea60 (webtiles) character file.

Game seed: 6351066067085065685 (custom seed)

1094 Esekla the Magician (level 8, -6/43 HPs)
             Began as a Deep Elf Necromancer on May 29, 2023.
             Was a Believer of Vehumet.
             Killed from afar by a white imp (9 damage)
             ... with a puff of frost
             ... on level 6 of the Dungeon.
             The game lasted 00:29:51 (4906 turns).

Esekla the Magician (Deep Elf Necromancer)          Turns: 4906, Time: 00:29:52

Health: -6/43      AC:  4    Str:  5    XL:     8   Next: 10%
Magic:  21/21      EV: 14    Int: 23    God:    Vehumet [**....]
Gold:   325        SH:  0    Dex: 15    Spells: 15/22 levels left

rFire   . . .        a - +2 dagger (vamp)
rCold   . . .        (no shield)
rNeg    . . .        m - +0 robe
rPois   .            c - +0 helmet
rElec   .            (no cloak)
rCorr   .            t - +0 pair of gloves
SInv    .            (no boots)
Will    .....        A - amulet of magic regeneration
Stlth   +++          (no ring)
HPRegen 0.27/turn    (no ring)
MPRegen 0.57/turn

%: no passive effects
@: no status effects
A: no striking features
a: Renounce Religion


You were on level 6 of the Dungeon.
You worshipped Vehumet.
Vehumet was pleased with you.
You visited 1 branch of the dungeon, and saw 6 of its levels.

You collected 325 gold pieces.

Inventory:

Hand Weapons
 a - a +2 vampiric dagger (weapon)
 r - a +0 trident
Missiles
 l - 23 poisoned darts (quivered)
Armour
 c - a +0 helmet (worn)
 m - a +0 robe (worn)
 t - a +0 pair of gloves (worn)
Jewellery
 A - an amulet of magic regeneration (around neck)
Wands
 n - a wand of roots (11)
 C - a wand of flame (13)
Scrolls
 e - 3 scrolls of fear {unknown}
 f - 5 scrolls of identify {unknown}
 k - 2 scrolls of fog {unknown}
 o - a scroll of blinking {unknown}
 q - a scroll of enchant armour {unknown}
 s - a scroll of immolation {unknown}
 u - 3 scrolls of enchant weapon {unknown}
 w - 2 scrolls of amnesia {unknown}
 x - a scroll of summoning {unknown}
 y - a scroll of silence {unknown}
 z - a scroll of magic mapping {unknown}
 D - a scroll of teleportation {unknown}
Potions
 b - a potion of magic
 d - 2 potions of ambrosia {unknown}
 g - 2 potions of attraction {unknown}
 h - a potion of heal wounds {unknown}
 i - 5 potions of curing {unknown}
 j - 3 potions of brilliance {unknown}
 p - a potion of haste {unknown}
 v - a potion of mutation {unknown}
 B - a potion of lignification {unknown}


   Skills:
 + Level 1.3 Fighting
 + Level 2.4 Short Blades
 + Level 1.8 Throwing
 * Level 4.7 Dodging
 + Level 4.3 Stealth
 * Level 7.5 Spellcasting
 + Level 7.3 Necromancy
 * Level 1.9 Translocations


You had 15 spell levels left.
You knew the following spells:

 Your Spells              Type           Power      Damage    Failure   Level
a - Necrotise             Necr           100%       1d9       1%          1
d - Vampiric Draining     Necr           42%        2d9       1%          3
t - Teleport Other        Tloc           17%        N/A       10%         3

Your spell library contained the following spells:

 Spells                   Type           Power      Damage    Failure   Level
 Momentum Strike          Conj/Tloc      26%        3d8       8%          2
 Animate Dead             Necr           42%        N/A       3%          4
 Lesser Beckoning         Tloc           34%        N/A       4%          2
 Gell's Gravitas          Tloc           17%        N/A       10%         3
 Agony                    Necr           42%        N/A       10%         5
 Spider Form              Tmut/Pois      8%         N/A       22%         3
 Cause Fear               Hex            4%         N/A       58%         4
 Summon Mana Viper        Hex/Summ       8%         N/A       90%         5


Dungeon Overview and Level Annotations

Branches:
Dungeon (6/15)
 Temple: D:4-7

Altars:
Dithmenos
Fedhas
Hepliaklqana
Okawaru
Qazlal
Trog
Vehumet
Zin
The Shining One

Shops:
D:2 =   D:4 (


Message History

You see here an iguana corpse.
l - 23 poisoned darts (gained 1)
D - a scroll labelled EGUZUT XAHEGAJ
Found 11 gold pieces.
You now have 325 gold pieces (gained 11).
An ice beast comes into view.
The ice beast moves out of view.
The white imp shouts, "Run away, thou pottle-deep beetle-headed gnoll-tail!"
The white imp gestures at you. The puff of frost hits you.
The white imp gestures at you. The puff of frost hits you!
The white imp closely misses you.
You closely miss the white imp.
The white imp shouts, "Give up, thou brittle milk-livered beggar!"
The white imp gestures at you. The puff of frost hits you!
You hit the white imp but do no damage. The white imp gestures at you.
The puff of frost hits you!
* * * LOW HITPOINT WARNING * * *
Casting: Vampiric Draining (safe; 1% risk of failure)
Confirm with . or Enter, or press ? or * to list all spells.
Okay, then.
Unknown command.
Aiming: Throw Flame
Press: ? - help, Shift-Dir - straight line, f - white imp
Aim: a white imp (68% to hit)
The puff of flame misses the white imp.
The white imp hits you.
* * * LOW HITPOINT WARNING * * *
The white imp freezes you.
* * * LOW HITPOINT WARNING * * *
Aiming: Throw Flame
Press: ? - help, Shift-Dir - straight line, f/p - white imp
Aim: a white imp (68% to hit)
The puff of flame hits the white imp!
The white imp is burned terribly!
The white imp is almost dead.
The white imp gestures at you. The puff of frost hits you!
You die...

.# . .## #. ..# #..## #..#
###..#. #..# .......##..#
#.#....5...# #####
#.....@..#### #...#
##....#.....# #.#.# #.
#.###.#.....###.#.#### #..
#.#.........#....## ..#
..#......#######... #.#
###<........#....#. ##.##
###.#####.#.####.
#...############.#####.#.####.
#...##.>....#.......##...#....


You could see a white imp.

Vanquished Creatures
  2 black bears
  An ogre (D:5)
  A kobold brigand (D:6)
  2 scorpions (D:5)
  A gnoll bouda (D:4)
  5 hounds
  A jelly (D:6)
  A sleepcap (D:5)
  5 iguanas
  12 gnolls
  8 adders
  A white imp (D:5)
  A worm (D:4)
  3 dart slugs
  10 orcs
  6 ball pythons
  4 bats
  4 endoplasms
  8 goblins
  5 hobgoblins
  A quokka (D:1)
  4 frilled lizards
  12 kobolds
  A rat (D:2)
99 creatures vanquished.

Notes
Turn   | Place    | Note
-------+----------+-------------------------------------------
     0 | D:1      | Esekla the Deep Elf Necromancer began the quest for the
                  | Orb.
     0 | D:1      | Reached XP level 1. HP: 10/10 MP: 6/6
    60 | D:1      | Reached skill level 5 in Necromancy
   224 | D:1      | Reached XP level 2. HP: 12/13 MP: 8/8
   541 | D:2      | Found Renulab's Jewellery Shop.
   679 | D:4      | Found a radiant altar of Vehumet.
   683 | D:4      | Became a worshipper of Vehumet
   890 | D:1      | Reached XP level 3. HP: 18/19 MP: 9/9
   894 | D:1      | Learned a level 3 spell: Vampiric Draining
   971 | D:2      | Noticed a black bear
  1005 | D:2      | Found a faded altar of an unknown god.
  1074 | D:1      | Reached XP level 4. HP: 24/24 MP: 3/11
  1274 | D:2      | Killed a black bear
  1275 | D:2      | Reached skill level 1 in Short Blades
  1275 | D:2      | Reached XP level 5. HP: 27/28 MP: 2/13
  1943 | D:3      | Found a stormy altar of Qazlal.
  2022 | D:3      | Found a hazy altar of Hepliaklqana.
  2024 | D:3      | Found a bloodstained altar of Trog.
  2277 | D:3      | Identified the +5 rapier of the Hero {heavy, rN+ Dex+3}
  2676 | D:4      | Reached XP level 6. HP: 30/33 MP: 15/15
  2749 | D:4      | Found Ponaysk's Antique Weapon Boutique.
  2900 | D:4      | Reached skill level 1 in Fighting
  2932 | D:4      | Reached * piety under Vehumet
  2932 | D:4      | Offered knowledge of Sandblast by Vehumet.
  3192 | D:4      | Found a glowing silver altar of Zin.
  3304 | D:4      | Reached skill level 5 in Spellcasting
  3372 | D:4      | Found a glowing golden altar of the Shining One.
  3379 | D:4      | Learned a level 3 spell: Teleport Other
  3465 | D:4      | Found an iron altar of Okawaru.
  3633 | D:5      | Entered Level 5 of the Dungeon
  3641 | D:5      | Got the Parchment of the Lumpy Olives
  3657 | D:5      | Found a shadowy altar of Dithmenos.
  3756 | D:5      | Reached skill level 1 in Throwing
  3822 | D:5      | Reached XP level 7. HP: 37/38 MP: 9/17
  4281 | D:5      | Reached skill level 1 in Translocations
  4639 | D:6      | Reached ** piety under Vehumet
  4639 | D:6      | Offered knowledge of Momentum Strike by Vehumet.
  4640 | D:6      | Reached XP level 8. HP: 35/43 MP: 8/21
  4656 | D:6      | Found a blossoming altar of Fedhas.
  4905 | D:6      | HP: 2/43 [white imp (5)]
  4906 | D:6      | Killed from afar by a white imp

Illustrated notes

Levels and vault maps discovered:
D:1:      sevenhm_arrival_forest_fort_small_3, layout_rooms,
          chequers_serial_rivers_room_b, minmay_misc_feat_five
D:2:      layout_loops_ring, dreamdust_ecumenical_altar_angels_and_demons,
          serial_shops, shop
D:3:      layout_basic, grunt_temple_overflow_open, minmay_misc_feat_iff
D:4:      layout_basic, nicolae_overflow_quartered_altars, serial_shops,
          nicolae_diamond_shop
D:5:      layout_loops_ring, lemuel_doored_altar, minmay_misc_feat_rows,
          dreamdust_wishing_well
D:6:      layout_loops_cross, fedhas_altar_fruit_tree,
          minmay_temple_entry_glass, uniq_pikel, uniq_blork_the_orc

Skill      XL: |  1  2  3  4  5  6  7 |
---------------+----------------------+-----
Necromancy     | 5 6 7 |  7.3
Dodging        | 3 4 |  4.7
Stealth        | 3 4 |  4.3
Short Blades   | 1 2 |  2.4
Spellcasting   | 4 5 7 |  7.5
Fighting       | 1 |  1.3
Throwing       | 1 |  1.8
Translocations | 1 |  1.9

Action                     |  1- 3 |  4- 6 |  7- 9 || total
---------------------------+-------+-------+-------++-------
  Melee: Short sword       |    14 |       |       ||    14
         Unarmed           |    10 |       |       ||    10
         Dagger            |    59 |    82 |    59 ||   200
         Rapier            |       |    26 |       ||    26
         Punch             |       |     1 |       ||     1
  Throw: Dart              |     4 |     6 |    10 ||    20
   Cast: Vampiric Draining |     2 |    35 |    23 ||    60
  Evoke: Wand              |       |       |     2 ||     2
   Stab: Sleeping          |     5 |     6 |     4 ||    15
         Distracted        |       |     1 |       ||     1
 Armour: Robe              |    13 |    14 |    12 ||    39
  Dodge: Dodged            |    52 |    94 |    33 ||   179
